 Dungeon Crawl Stone Soup version 0.25.0-10-g039870ee82 (webtiles) character file.

Game seed: 17495028310135164289

(classic levelgen) 17412 EnegeticOcto the Prestidigitator (level 12, -11/115 HPs)
             Began as a Deep Dwarf Fighter on June 23, 2020.
             Was an Initiate of Gozag.
             Mangled by a two-headed ogre
             ... wielding a +0 giant spiked club
              (15 damage)
             ... while paralysed by an ogre mage
             ... on level 2 of the Orcish Mines.
             The game lasted 00:05:36 (7723 turns).

EnegeticOcto the Prestidigitator (DDFi)             Turns: 7723, Time: 00:05:36

Health: -11/115    AC: 13    Str: 26    XL:     12   Next: 18%
Magic:  6/6        EV:  2    Int:  8    God:    Gozag
Gold:   223        SH:  0    Dex: 12    Spells: 11/11 levels left

rFire    + + .     SeeInvis .   a - +4 broad axe (vorpal)
rCold    + . .     Gourm    .   x - +0 tower shield
rNeg     . . .     Faith    .   A - +0 plate armour
rPois    +         Spirit   .   (no helmet)
rElec    +         Reflect  .   (no cloak)
rCorr    +         Harm     .   (no gloves)
MR       +....                  (no boots)
Stlth    ..........             (no amulet)
HPRegen  0.00/turn              m - ring of protection from fire
MPRegen  0.10/turn              y - ring of flight

@: paralysed, mighty, brilliant, resistant, gold aura, non-regenerating, hasted
A: damage resistance, heal wounds, sense surroundings 2, no regeneration
a: Heal Wounds, Potion Petition, Call Merchant, Bribe Branch, Renounce Religion,
Evoke Flight


You were on level 2 of the Orcish Mines.
You worshipped Gozag.
Gozag was aware of your devotion.
You were full.

You visited 2 branches of the dungeon, and saw 13 of its levels.

You collected 3146 gold pieces.
You spent 833 gold pieces at shops.
You paid 2090 gold pieces to Gozag.

Inventory:

Hand Weapons
 a - a +4 vorpal broad axe (weapon)
Armour
 x - a +0 tower shield (worn)
 A - a +0 plate armour (worn)
Jewellery
 m - a ring of protection from fire (left hand)
 y - a ring of flight (right hand)
Wands
 f - a wand of acid (32) {@v1}
 p - a wand of clouds (6)
 r - a wand of flame (34) {@v4}
 t - a wand of iceblast (6) {@v2}
 u - a wand of digging (5) {@v3}
 w - a wand of disintegration (23)
Scrolls
 d - 3 scrolls of fear
 g - a scroll of immolation {@r7}
 h - a scroll of teleportation {@r3}
 o - a scroll of blinking {@r4}
 s - a scroll of torment {unknown}
 v - a scroll of identify {@r1}
Potions
 b - a potion of berserk rage {unknown}
 i - 4 potions of heal wounds {@q2}
 j - a potion of stabbing {@q5}
 k - 3 potions of might {@q3}
 l - 4 potions of curing {@q1}
 n - a potion of mutation
 q - 2 potions of flight
Miscellaneous
 z - a tin of tremorstones (3/3)
Comestibles
 e - 10 rations


   Skills:
 * Level 9.5 Fighting
 * Level 10.9 Axes
 + Level 8.2 Armour
 - Level 6.3 Dodging
 * Level 9.2 Shields
 * Level 11.1 Evocations


You had 11 spell levels left.
You didn't know any spells.
Your spell library contained the following spells:

 Spells                   Type           Power        Failure   Level  Hunger
 Haunt                    Necr/Summ      #.........   100%        7    None
 Borgnjor's Revivificati  Necr           #.........   100%        8    None
 Death's Door             Chrm/Necr      #.........   100%        8    None
 Infestation              Necr           #.........   100%        8    None
 Necromutation            Tmut/Necr      #.........   100%        8    None


Dungeon Overview and Level Annotations

Branches:
Dungeon (11/15)            Temple (0/1) D:7            Lair (0/6) D:11
    Orc (2/2) D:11
    Elf: Orc:2

Altars:
Ashenzari
Cheibriados
Elyvilon
Fedhas
Gozag
Okawaru
Ru
Sif Muna
Wu Jian
Xom
The Shining One

Shops:
D:8 ?   D:9 *   D:10 =


Innate Abilities, Weirdness & Mutations

You are resistant to damage.
You can heal yourself by infusing magical energy.
You passively map the area around you.
You do not regenerate.


Message History

You slice the ogre!!
The ogre is no longer distracted by gold.
You barely miss the ogre.
The ogre is no longer distracted by gold.
You slash the two-headed ogre!
You hear a shout! x2
The two-headed ogre is no longer distracted by gold.
The ogre is no longer distracted by gold.
The orc priest is no longer distracted by gold.
The orc wizard is no longer distracted by gold.
The ogre hits you with a +0 giant spiked club!
An ogre comes into view. It is wielding a +0 giant spiked club.
The ogre becomes distracted by the nearby gold, dreaming of imaginary riches.
A two-headed ogre comes into view.
It is wielding a +0 giant spiked club and a +0 giant club.
You block the two-headed ogre's attack.
The two-headed ogre hits you with a +0 giant club!
The two-headed ogre becomes distracted by the nearby gold, dreaming of imaginary riches.
You block the ogre's attack. The two-headed ogre closely misses you.
The two-headed ogre hits you with a +0 dire flail!
The two-headed ogre becomes distracted by the nearby gold, dreaming of imaginary riches.
The ogre mage gestures at the ogre while chanting.
The ogre seems to speed up.
The orc becomes distracted by the nearby gold, dreaming of imaginary riches.
A two-headed ogre comes into view.
It is wielding a +0 dire flail and a +0 giant club.
The two-headed ogre shouts in stereo! x2; The ogre shouts!
You slash the two-headed ogre!
You kill the two-headed ogre!
Your plate armour prevents you from hitting the two-headed ogre.
You slice the ogre!!
You kill the ogre!
You slash the ogre!
You kill the ogre!
You hit the two-headed ogre. You slash the ogre mage!
You hear a shout!
The ogre is no longer distracted by gold.
The orc is no longer distracted by gold.
The two-headed ogre becomes distracted by the nearby gold, dreaming of imaginary riches.
The ogre becomes distracted by the nearby gold, dreaming of imaginary riches.
The two-headed ogre becomes distracted by the nearby gold, dreaming of imaginary riches.
The ogre becomes distracted by the nearby gold, dreaming of imaginary riches.
The orc priest becomes distracted by the nearby gold, dreaming of imaginary riches.
The two-headed ogre becomes distracted by the nearby gold, dreaming of imaginary riches.
The ogre mage gestures at you while chanting.
You suddenly lose the ability to move!
The orc priest shouts!
The two-headed ogre shouts in stereo!
The ogre shouts! x2
The ogre is no longer distracted by gold. x4
The ogre becomes distracted by the nearby gold, dreaming of imaginary riches.
The two-headed ogre hits you with a +0 giant spiked club!
The two-headed ogre hits you with a +0 giant club!!
The orc becomes distracted by the nearby gold, dreaming of imaginary riches.
The ogre becomes distracted by the nearby gold, dreaming of imaginary riches. x3
The two-headed ogre becomes distracted by the nearby gold, dreaming of imaginary riches.
The orc warrior hits you with a +0 mace!
* * * LOW HITPOINT WARNING * * *
The ogre hits you with a +0 giant club!!
* * * LOW HITPOINT WARNING * * *
The ogre mage becomes distracted by the nearby gold, dreaming of imaginary riches.
The orc wizard becomes distracted by the nearby gold, dreaming of imaginary riches.
The ogre mage hits you but does no damage.
The ogre shouts!
The ogre mage shouts!
The ogre shouts!
The orc wizard shouts!
The ogre shouts! x2
The two-headed ogre is no longer distracted by gold.
The ogre mage is no longer distracted by gold.
The ogre is no longer distracted by gold. x2
The ogre mage is no longer distracted by gold.
The two-headed ogre is no longer distracted by gold.
The ogre is no longer distracted by gold.
The orc priest is no longer distracted by gold.
An ogre comes into view. It is wielding a -1 giant spiked club.
The two-headed ogre hits you with a +0 giant spiked club!
* * * LOW HITPOINT WARNING * * *
The two-headed ogre hits you with a +0 giant club.
* * * LOW HITPOINT WARNING * * *
The ogre becomes distracted by the nearby gold, dreaming of imaginary riches.
The orc priest becomes distracted by the nearby gold, dreaming of imaginary riches.
The orc warrior becomes distracted by the nearby gold, dreaming of imaginary riches.
The ogre becomes distracted by the nearby gold, dreaming of imaginary riches.
The two-headed ogre becomes distracted by the nearby gold, dreaming of imaginary riches.
The ogre mage hits you from afar with a +0 spear.
* * * LOW HITPOINT WARNING * * *
The ogre mage hits you but does no damage.
The ogre shouts!
The orc warrior shouts!
The orc priest shouts!
You hear two shouts!
The two-headed ogre is no longer distracted by gold. x2
The ogre is no longer distracted by gold. x2
The two-headed ogre is no longer distracted by gold.
The orc wizard is no longer distracted by gold.
The orc warrior is no longer distracted by gold.
The orc priest is no longer distracted by gold.
The ogre hits you with a +0 giant club.
The ogre becomes distracted by the nearby gold, dreaming of imaginary riches.
The two-headed ogre becomes distracted by the nearby gold, dreaming of imaginary riches.
The orc wizard becomes distracted by the nearby gold, dreaming of imaginary riches.
The ogre becomes distracted by the nearby gold, dreaming of imaginary riches.
The ogre mage becomes distracted by the nearby gold, dreaming of imaginary riches.
The two-headed ogre becomes distracted by the nearby gold, dreaming of imaginary riches.
The two-headed ogre hits you with a +0 giant spiked club.
The two-headed ogre hits you with a +0 giant club!
You die...
Your body crumbles into a pile of gold.

,,, , ,, , ^ , ,
,...........## *,
,.......OOO..#### *
, * ,
.......OO#OO....
.......OOOo..... ,
........O.{...O. , *
* .......oooOo...O ,
......OOOOo..... ,
,, #...O@OOOo.... ,
,, ,,,
......$OoOoO....,,,
, *
................,
,,................ ,
* .....$.......... ,
,,,,................
, , * *
.............#.. ,,
* ...........#...$,
, * , , , ,,


You could see 8 two-headed ogres, 4 ogre magi, 2 orc warriors, 12 ogres, 3 orc
priests, 2 orc wizards and 2 orcs.

Vanquished Creatures
  An orc warlord (Orc:1)
  2 hydras
  An ogre mage (D:10)
  A two-headed ogre (Orc:2)
  Urug (Orc:2)
  An unseen horror (D:11)
  An orc knight (Orc:1)
  Pikel (D:4)
  An orc sorcerer (Orc:1)
  2 oklob plants (D:11)
  A cyclops (D:10)
  Maggie (D:7)
  A queen bee (D:8)
  4 trolls
  2 hippogriffs (D:9)
  A shadow (D:10)
  A wyvern (D:11)
  4 yaks (D:9)
  A hungry ghost (D:11)
  3 wargs
  2 two-headed ogre zombies (D:11)
  Duvessa (D:7)
  A water moccasin (D:7)
  An ice beast (D:8)
  3 slaves (D:4)
  A sky beast (D:10)
  14 orc warriors
  2 phantoms
  An eye of draining (D:9)
  14 ogres
  A crocodile (D:9)
  3 bullfrogs
  2 big kobolds
  2 wyvern skeletons (D:10)
  2 scorpions (D:4)
  Dowan (D:7)
  14 killer bees (D:8)
  7 wights
  3 troll zombies (D:11)
  5 crimson imps
  3 bullfrog zombies
  5 jellies
  11 orc priests
  4 hounds
  An iron imp (D:7)
  2 bullfrog skeletons
  21 orc wizards
  2 iguanas
  5 worker ants
  A killer bee zombie (D:8)
  3 ogre zombies (D:11)
  A hound zombie (D:8)
  A hound skeleton (D:5)
  A howler monkey skeleton (D:6)
  9 adders
  A shadow imp (D:7)
  2 oozes
  An adder zombie (D:6)
  2 worms
  A dart slug (D:2)
  8 leopard geckos
  69 orcs
  A ball python (D:5)
  3 giant cockroaches
  4 goblins
  3 hobgoblins
  7 jackals
  A quokka (D:3)
  A bat (D:3)
  4 frilled lizards
  3 goblin skeletons (D:11)
  3 goblin zombies (D:11)
  2 hobgoblin skeletons (D:11)
  A hobgoblin zombie (D:11)
  13 kobolds
  2 orc skeletons (D:11)
  14 orc zombies (D:11)
  4 rats
331 creatures vanquished.

Vanquished Creatures (others)
  5 dream sheep (D:7)
5 creatures vanquished.

Grand Total: 336 creatures vanquished

Notes
Turn   | Place    | Note
-------+----------+-------------------------------------------
     0 | D:1      | EnegeticOcto the Deep Dwarf Fighter began the quest for the
                  | Orb.
     0 | D:1      | Reached XP level 1. HP: 20/20 MP: 1/1
   194 | D:2      | Reached XP level 2. HP: 21/27 MP: 2/2
   448 | D:2      | Found an opulent altar of Gozag.
   462 | D:2      | Reached XP level 3. HP: 34/34 MP: 3/3
   626 | D:2      | Became a worshipper of Gozag Ym Sagoz the Greedy
   660 | D:3      | Reached skill level 1 in Dodging
   874 | D:3      | Reached XP level 4. HP: 42/42 MP: 4/4
   979 | D:3      | Reached XP level 5. HP: 30/49 MP: 5/5
  1342 | D:3      | Found an iron altar of Okawaru.
  1350 | D:3      | Found a faded altar of an unknown god.
  1429 | D:4      | Found a white marble altar of Elyvilon.
  1440 | D:4      | Noticed a slave
  1445 | D:4      | Noticed a slave
  1446 | D:4      | Noticed Pikel
  1448 | D:4      | Noticed a slave
  1451 | D:4      | Noticed a slave
  1460 | D:4      | Killed a slave
  1472 | D:4      | Killed a slave
  1478 | D:4      | Killed a slave
  1479 | D:4      | Killed Pikel
  1479 | D:4      | Reached skill level 5 in Axes
  1479 | D:4      | Reached XP level 6. HP: 55/58 MP: 5/5
  1479 | D:4      | Reached XP level 7. HP: 63/66 MP: 6/6
  1578 | D:4      | Found a blossoming altar of Fedhas.
  2002 | D:5      | Entered Level 5 of the Dungeon
  2165 | D:5      | Found a glowing golden altar of the Shining One.
  2169 | D:5      | Reached skill level 5 in Fighting
  2175 | D:5      | Reached skill level 1 in Evocations
  2196 | D:5      | Found a shattered altar of Ashenzari.
  2272 | D:5      | Reached skill level 5 in Shields
  2296 | D:5      | Found a shimmering altar of Xom.
  2304 | D:5      | Reached skill level 5 in Armour
  2304 | D:5      | Reached skill level 2 in Evocations
  2304 | D:5      | Reached XP level 8. HP: 49/74 MP: 8/8
  2665 | D:5      | Found an ornate altar of the Wu Jian Council.
  2665 | D:5      | Found a shimmering blue altar of Sif Muna.
  3046 | D:6      | Reached skill level 3 in Evocations
  3372 | D:7      | Noticed Duvessa
  3373 | D:7      | Noticed Dowan
  3396 | D:7      | Killed Dowan
  3399 | D:7      | Killed Duvessa
  3399 | D:7      | Reached skill level 4 in Evocations
  3604 | D:7      | Noticed Maggie
  3621 | D:7      | Killed Maggie
  3621 | D:7      | Gained mutation: You passively map the area around you.
                  | [Deep Dwarf growth]
  3621 | D:7      | Reached XP level 9. HP: 45/82 MP: 11/11
  3638 | D:7      | Found a snail-covered altar of Cheibriados.
  3727 | D:7      | Reached skill level 5 in Evocations
  3764 | D:7      | Found a staircase to the Ecumenical Temple.
  3811 | D:7      | Found a shimmering altar of Xom.
  4449 | D:8      | Noticed a queen bee
  4453 | D:8      | Reached skill level 6 in Evocations
  4462 | D:8      | Killed a queen bee
  4462 | D:8      | Reached skill level 5 in Dodging
  4541 | D:8      | Found a sacrificial altar of Ru.
  4888 | D:8      | Found Wompo's Magic Scroll Emporium.
  4893 | D:8      | Bought a scroll of acquirement for 728 gold pieces
  4898 | D:8      | Bought a scroll of blinking for 105 gold pieces
  5228 | D:9      | Found Hodyh's Assorted Antiques.
  5427 | D:9      | Reached skill level 7 in Evocations
  5427 | D:9      | Reached XP level 10. HP: 71/94 MP: 12/12
  5883 | D:10     | Entered Level 10 of the Dungeon
  5884 | D:10     | Found Lubled Temm's Jewellery Shoppe.
  5954 | D:10     | Reached skill level 8 in Evocations
  5954 | D:10     | Noticed a cyclops
  5957 | D:10     | Noticed an ogre mage
  5969 | D:10     | Noticed a five-headed hydra
  5981 | D:10     | Killed a cyclops
  5984 | D:10     | Killed a nine-headed hydra
  6000 | D:10     | Killed an ogre mage
  6000 | D:10     | Reached skill level 9 in Evocations
  6000 | D:10     | Reached XP level 11. HP: 55/103 MP: 9/9
  6543 | D:11     | Found a staircase to the Orcish Mines.
  6776 | D:11     | Killed an unseen horror
  6803 | D:11     | Noticed a five-headed hydra
  6810 | D:11     | Killed a five-headed hydra
  6982 | D:11     | Noticed an oklob plant
  6985 | D:11     | Killed an oklob plant
  6985 | D:11     | Reached skill level 10 in Axes
  6987 | D:11     | Found a staircase to the Lair.
  6988 | D:11     | Noticed an oklob plant
  6991 | D:11     | Killed an oklob plant
  7177 | D:11     | Reached skill level 10 in Evocations
  7259 | Orc:1    | Entered Level 1 of the Orcish Mines
  7387 | Orc:1    | Noticed an orc knight
  7428 | Orc:1    | Killed an orc knight
  7541 | Orc:1    | Noticed an orc warlord
  7544 | Orc:1    | Noticed an orc sorcerer
  7558 | Orc:1    | Killed an orc sorcerer
  7571 | Orc:1    | Killed an orc warlord
  7677 | Orc:2    | Entered Level 2 of the Orcish Mines
  7677 | Orc:2    | Noticed Urug
  7688 | Orc:2    | Reached XP level 12. HP: 77/114 MP: 7/7
  7698 | Orc:2    | Noticed an ogre mage
  7699 | Orc:2    | Noticed a two-headed ogre
  7699 | Orc:2    | Killed Urug
  7699 | Orc:2    | Noticed a two-headed ogre
  7700 | Orc:2    | Noticed a two-headed ogre
  7701 | Orc:2    | Noticed an ogre mage
  7704 | Orc:2    | Noticed an ogre mage
  7707 | Orc:2    | Noticed a two-headed ogre
  7708 | Orc:2    | Noticed a two-headed ogre
  7710 | Orc:2    | Reached skill level 11 in Evocations
  7711 | Orc:2    | Noticed an ogre mage
  7714 | Orc:2    | Noticed a two-headed ogre
  7717 | Orc:2    | Noticed a two-headed ogre
  7719 | Orc:2    | Noticed a two-headed ogre
  7719 | Orc:2    | Noticed a two-headed ogre
  7720 | Orc:2    | Killed a two-headed ogre
  7720 | Orc:2    | Paralysed by an ogre mage for 6 turns
  7722 | Orc:2    | HP: 4/115 [ogre mage/+0 spear (2)]
  7723 | Orc:2    | Mangled by a two-headed ogre

Illustrated notes

Levels and vault maps discovered:
D:1:      dpeg_arrival_signposts, layout_basic
D:2:      layout_loops_corners, overflow_temple_1_default
D:3:      layout_basic, lemuel_crystal_altar, first_ration,
          chequers_ecumenical_altar_simple
D:4:      layout_loops_ring, lemuel_doored_altar, elyvilon_altar_3, uniq_pikel
D:5:      layout_loops_ring, chequers_temple_overflow_statue_of_worship,
          tso_metal_star, kennysheep_little_box, basic_altar, bh_walls_and_bars
D:6:      layout_loops_ring
D:7:      layout_basic, kb_xom_exploding_sheep, slow_altar_1,
          minmay_temple_entry_steel_oval, uniq_maggie, uniq_duvessa
D:8:      layout_layer_cave, serial_shops, shop, david_nohive_1,
          nicolae_ru_awakened_eye
D:9:      layout_basic, serial_shops, nicolae_shop_trees
D:10:     layout_rooms, serial_shops, shop, chequers_serial_rivers_micro_b,
          kb_rosetta
D:11:     layout_roguey, dpeg_oklobed_lair, zombieorc2_lemuel,
          minmay_unpleasant_kobolds
Orc:1:    layout_caves, nicolae_volcano_entry_vermiform
Orc:2:    st_orc_ogre_mass, layout_caves, uniq_urug

Skill      XL: |  1  2  3  4  5  6  7  8  9 10 11 12 |
---------------+-------------------------------------+-----
Fighting       | 3 4 5 6 7 8 9 |  9.5
Dodging        | 1 2 3 4 5 6 |  6.3
Axes           | 3 5 6 8 9 10 | 10.9
Shields        | 4 5 6 7 9 |  9.2
Armour         | 4 5 6 7 8 |  8.2
Evocations     | 2 4 7 9 10 11 | 11.1

Action                   |  1- 3 |  4- 6 |  7- 9 | 10-12 || total
-------------------------+-------+-------+-------+-------++-------
Melee: War axe           |   111 |    97 |   351 |       ||   559
       Broad axe         |       |       |    37 |   335 ||   372
Invok: Potion Petition   |       |       |     1 |     4 ||     5
 Abil: Heal Wounds       |     2 |     6 |    16 |    50 ||    74
Evoke: Wand              |       |       |       |    11 ||    11
  Use: Scroll            |       |       |    16 |       ||    16
       Potion            |       |       |       |     1 ||     1
 Stab: Distracted        |       |     1 |     1 |     4 ||     6
       Sleeping          |       |       |    17 |    29 ||    46
       Invisible         |       |       |       |     2 ||     2
  Eat: Ration            |       |     1 |     4 |     4 ||     9
Armor: Scale mail        |    64 |    57 |   114 |    66 ||   301
       Plate armour      |       |       |       |    80 ||    80
Dodge: Dodged            |    32 |    49 |   188 |   138 ||   407
Block: Kite shield       |    53 |    64 |   241 |    92 ||   450
       Tower shield      |       |       |       |   249 ||   249
